 Dungeon Crawl Stone Soup version 0.20.0-15-g7f486f2 (webtiles) character file.

0 4thArraOfDagon the Sneak (level 1, -7/9 HPs)
             Began as a Spriggan Enchanter on June 9, 2017.
             Killed by divine providence
             ... invoked by an orc priest
              (16 damage)
             ... on level 4 of the Dungeon.
             The game lasted 00:01:58 (474 turns).

4thArraOfDagon the Sneak (Spriggan Enchanter)        Turns: 474, Time: 00:01:59

Health: -7/9       AC:  3    Str:  6    XL:     1   Next: 8%
Magic:  5/5        EV: 18    Int: 14    God:
Gold:   33         SH:  0    Dex: 18    Spells: 4/5 levels left

rFire    . . .     SeeInvis +   a - +1 dagger
rCold    . . .     Gourm    .   (shield restricted)
rNeg     . . .     Faith    .   b - +0 robe
rPois    .         Spirit   .   (helmet restricted)
rElec    .         Reflect  .   g - +0 cloak
rCorr    .         Harm     .   (gloves unavailable)
MR       .....                  (boots unavailable)
Stlth    +++.......             (no amulet)
Regen    0.1/turn               (no ring)
MPRegen  0.1/turn               (no ring)

@: very quick
A: unfitting armour, talons 1, see invisible, agile 1, dopey 1, herbivore 3,
speed 3, slow metabolism 2, strong 1
a: no special abilities


You were on level 4 of the Dungeon.
You were not hungry.

You visited 1 branch of the dungeon, and saw 4 of its levels.

You collected 33 gold pieces.

Inventory:

Hand Weapons
 a - a +1 dagger (weapon)
Armour
 b - a +0 robe (worn)
 g - a +0 cloak (worn)
Books
 c - a book of Maledictions

   Spells                             Type                      Level
   a - Corona                         Hexes                        1
   b - Ensorcelled Hibernation        Hexes/Ice                    2
   c - Confuse                        Hexes                        3
   d - Tukima's Dance                 Hexes                        3
   e - Dazzling Spray                 Conjuration/Hexes            3
Comestibles
 d - a bread ration


   Skills:
 * Level 1.1 Short Blades
 - Level 3.0 Dodging
 * Level 4.5 Stealth
 - Level 2.6 Spellcasting
 + Level 3.6 Hexes


You had 4 spell levels left.
You knew the following spells:

 Your Spells              Type           Power        Failure   Level  Hunger
a - Corona                Hex            ##.....      4%          1    #......


Dungeon Overview and Level Annotations

Branches:
Dungeon (4/15)
 Temple: D:4-7

Altars:
Kikubaaqudgha

Annotations:
D:3 herpmino's ghost, weakling VSBe


Innate Abilities, Weirdness & Mutations

You are very small and have problems with some larger weapons.
You are too small for most types of armour.
You have supernaturally acute eyesight. (SInv)
You are a herbivore.
You cover ground extremely quickly.
You need consume almost no food.
You have sharp toenails.
You are agile. (Dex +2)
You are dopey. (Int -2)
Your muscles are strong. (Str +2)


Message History

As you read the scroll labeled KOANGI WOROMAST, it crumbles to dust.
The air around you briefly surges with heat, but it dissipates.
It was a scroll of immolation.
As you read the scroll labeled ULYDIKUJO, it crumbles to dust.
Your +1 dagger glows shining aubergine for a moment.
It was a scroll of random uselessness.
As you read the scroll labeled KISIZX XIFICOI, it crumbles to dust.
It is a scroll of amnesia.
Forget which spell ([?*] list [ESC] exit)?
Forget which spell ([?*] list [ESC] exit)?
Okay, then.
Unknown command.
Unknown command.
You float gracefully downwards.
Unknown command. 2 orcs come into view.
The orc priest invokes the aid of Beogh against you.
Beogh smites you!
Ouch! That really hurt!
You die...

#o..# ...# o.o#
..# ...#
###.#.# #.. #.#
#.# #@#
#########.###.#
#.............#
#.............#
#.............#
#.............#
#.............#
#.............#
#.............#


You could see an orc priest and 2 orcs.

Vanquished Creatures
  A kobold (D:1)
1 creature vanquished.

Notes
Turn   | Place    | Note
-------+----------+-------------------------------------------
     0 | D:1      | 4thArraOfDagon the Spriggan Enchanter began the quest for the Orb.
     0 | D:1      | Reached XP level 1. HP: 9/9 MP: 5/5
   208 | D:2      | Found an ancient bone altar of Kikubaaqudgha.
   371 | D:3      | Noticed herpmino's ghost (weakling VSBe)
   373 | D:3      | Gained mutation: You are dopey. (Int -2) [potion of mutation]
   373 | D:3      | Gained mutation: You are agile. (Dex +2) [potion of mutation]
   373 | D:3      | Gained mutation: Your muscles are strong. (Str +2) [potion of mutation]
   373 | D:3      | Gained mutation: You have sharp toenails. [potion of mutation]
   445 | D:4      | Noticed an orc priest
   474 | D:4      | Killed from afar by an orc priest

Action                   || total
-------------------------++-------
Melee: Dagger            ||     4
  Use: Scroll            ||     3
       Potion            ||     3
Armor: Robe              ||     1
Dodge: Dodged            ||    25
